 Dungeon Crawl Stone Soup version 0.27.1-33-g824d729ab1 (webtiles) character file.

Game seed: 17767827505602040427

242 Sarah the Magician (level 6, -3/41 HPs)
             Began as a Djinni Hedge Wizard on Nov 26, 2021.
             Was a Follower of Ashenzari.
             Slain by an orc warrior (14 damage)
             ... on level 4 of the Dungeon.
             The game lasted 00:27:47 (3474 turns).

Sarah the Magician (Djinni Hedge Wizard)            Turns: 3474, Time: 00:27:48

Health: -3/41      AC:  3    Str:  9    XL:     6   Next: 30%
Gold:   116        EV: 12    Int: 17    God:    Ashenzari [*.....] SH:  0 Dex: 13

rFire    + + .     SeeInvis .   i - +1 dagger (venom)
rCold    x . .     Faith    .   (no shield)
rNeg     . . .     Spirit   .   j - +1 robe of the Eye in the Sky {Will+, Range, Fort} (curse)
rPois    ∞         Reflect  .   c - +0 hat of Ashenzari's Nihilism {Fort, Range} (curse)
rElec    .         Harm     .   (no cloak)
rCorr    .         Rampage  .   (no gloves)
Will     +....                  (boots unavailable)
Stlth    ++........             (no amulet)
HPRegen  0.13/turn              (no ring)
MPRegen  0.00/turn              (no ring)

@: flying
A: sickness immunity, fire resistance 2, cold vulnerability 1, float, innate
caster, hp casting, extra vitality 1
a: Renounce Religion, Shatter the Chains


You were on level 4 of the Dungeon.
You worshipped Ashenzari.
Ashenzari was aware of your devotion.
You visited 1 branch of the dungeon, and saw 4 of its levels.

You collected 116 gold pieces.

Inventory:

Hand Weapons
 a - a +0 dagger
 e - a +0 hunting sling
 f - a +2 dagger of pain
 i - a +1 dagger of venom (weapon)
Armour
 b - a +1 robe
 c - the cursed +0 hat of Ashenzari's Nihilism (worn) {Fort, Range}

   It has a curse which improves the following skills: Fortitude: Armour and
   Shields.
   Ranged Combat: Slings, Bows, Crossbows and Throwing.
 j - the cursed +1 robe of the Eye in the Sky (worn) {Will+, Range, Fort}
   (You took it off Jessica on level 3 of the Dungeon)

   It has a curse which improves the following skills: Ranged Combat: Slings,
   Bows, Crossbows and Throwing.
   Fortitude: Armour and Shields.
Scrolls
 h - a scroll of identify
 k - a scroll of fear
Potions
 d - 2 potions of brilliance
 g - a potion of attraction


   Skills:
 + Level 0.4 Fighting
 + Level 0.2 Short Blades
 * Level 2.2(3.5) Throwing
 + Level 2.6 Dodging
 + Level 2.3 Stealth
 + Level 4.0 Spellcasting


You couldn't memorise any spells.
You knew the following spells:

 Your Spells              Type           Power      Damage    Failure   Level
a - Magic Dart            Conj           68%        1d6       3%          1
b - Blink                 Tloc           N/A        N/A       4%          2
c - Call Imp              Summ           17%        N/A       4%          2
d - Slow                  Hex            17%        N/A       4%          2
e - Conjure Flame         Conj/Fire      17%        6-21      9%          3
f - Mephitic Cloud        Conj/Pois/Air  17%        N/A       9%          3
g - Apportation           Tloc           34%        N/A       3%          1
h - Passwall              Tmut/Erth      14%        N/A       4%          2
Your spell library was empty.

Dungeon Overview and Level Annotations

Branches:
Dungeon (4/15)
 Temple: D:4-7

Altars:
Ashenzari
Cheibriados
Gozag
Hepliaklqana
Nemelex Xobeh
Yredelemnul


Innate Abilities, Weirdness & Mutations

You are immune to sickness and miasma.
You are immune to poison.
Your flesh is very heat resistant. (rF++)
You are vulnerable to cold. (rC-)
You float through the air rather than walking.
You learn spells naturally, not from books.
Your magical power is your life essence.
You have superior vitality. (+4 HP)


Message History

Anything else - Cancel.
Gang up on whom?
Press: ? - help, Dir - move target, f - orc warrior
Aim: an orc warrior, wielding a +0 halberd and wearing a +0 plate armour (ally target) Attack!
The orc warrior misses you.
Your white imp gestures at the orc warrior.
The puff of frost hits the orc warrior.
Your white imp gestures at the orc warrior.
The puff of frost misses the orc warrior.
The puff of frost hits your crimson imp.
Your crimson imp is frozen!
Your white imp closely misses the orc warrior.
Casting: Call Imp (safe; 4% risk of failure)
Confirm with . or Enter, or press ? or * to list all spells.
A beastly little devil appears in a puff of flame.
Your crimson imp says, "I'm here!"
Your crimson imp hits the orc warrior but does no damage.
The orc warrior closely misses you.
Your white imp gestures at the orc warrior.
The puff of frost hits the orc warrior but does no damage.
What are your orders? t - Shout!
Orders for allies: a - Attack new target. p - Attack previous target. r - Retreat! s - Stop attacking. g - Guard the area. f - Follow me.
Anything else - Cancel.
Gang up on whom?
Press: ? - help, Dir - move target, f/p - orc warrior
Aim: an orc warrior, wielding a +0 halberd and wearing a +0 plate armour (lightly wounded, ally target) Attack!
Your crimson imp misses the orc warrior.
The orc warrior hits you from afar with a +0 halberd!
* * * LOW HITPOINT WARNING * * *
Your white imp gestures at the orc warrior.
The puff of frost misses the orc warrior.
Your crimson imp hits the orc warrior but does no damage.
Your white imp gestures at the orc warrior.
The puff of frost hits the orc warrior but does no damage.
The orc warrior hits you from afar with a +0 halberd!
You die...

................#.#<...#.#...
................#.#....#†#...
................#....#.#.#...
.)..........# ######.#.#...
............# #.#.#...
...)....5...############.####
..........5..#.......8...#
.........5o..#.⌠8.......##
............@#.8#######.#
.............#..#.......#
############.#8.#.......#
#.#..#.......# #............#
##+##........# #......[.#
#........# ##########


You could see an orc warrior (ally target), 2 friendly crimson imps and a
friendly white imp (summoned).

Vanquished Creatures
  An ogre (D:4)
  An iguana (D:4)
  An adder (D:2)
  2 worms (D:2)
  2 dart slugs
  4 orcs
  4 ball pythons
  3 endoplasms
  3 giant cockroaches
  6 goblins
  2 hobgoblins
  3 kobolds
  2 quokkas (D:2)
  8 bats
  3 frilled lizards
  7 rats
52 creatures vanquished.

Vanquished Creatures (collateral kills)
  A hound (D:4)
  Jessica (D:3)
  An adder (D:3)
  2 adder zombies (D:3)
  3 worms
  3 endoplasms
  A kobold (D:3)
  A quokka (D:3)
  2 ball pythons (D:3)
  A bat (D:3)
  2 rats
18 creatures vanquished.

Grand Total: 70 creatures vanquished

Notes
Turn   | Place    | Note
-------+----------+-------------------------------------------
     0 | D:1      | Sarah the Djinni Hedge Wizard began the quest for the Orb.
     0 | D:1      | Reached XP level 1. HP: 15/15 MP: 0/0
   207 | D:1      | Reached XP level 2. HP: 21/21 MP: 0/0
  1002 | D:2      | Reached XP level 3. HP: 22/25 MP: 0/0
  1002 | D:2      | Learned a level 1 spell: Apportation
  1008 | D:2      | Reached skill level 3 in Spellcasting
  1087 | D:2      | Reached skill level 1 in Throwing
  1639 | D:2      | Reached XP level 4. HP: 27/31 MP: 0/0
  2138 | D:3      | Found a faded altar of an unknown god.
  2142 | D:3      | Noticed Jessica
  2150 | D:3      | Killed Jessica
  2186 | D:3      | Became a worshipper of Ashenzari the Shackled
  2410 | D:3      | Found a hazy altar of Hepliaklqana.
  2447 | D:3      | Found an opulent altar of Gozag.
  2569 | D:3      | Reached XP level 5. HP: 19/35 MP: 0/0
  2569 | D:3      | Learned a level 2 spell: Passwall
  2569 | D:3      | Found a basalt altar of Yredelemnul.
  2699 | D:3      | Found a snail-covered altar of Cheibriados.
  2703 | D:3      | Found a sparkling altar of Nemelex Xobeh.
  3389 | D:4      | Noticed an ogre
  3408 | D:4      | Killed an ogre
  3409 | D:4      | Reached skill level 4 in Spellcasting
  3409 | D:4      | Reached XP level 6. HP: 33/41 MP: 0/0
  3409 | D:4      | Reached * piety under Ashenzari
  3456 | D:4      | Noticed an orc warrior
  3474 | D:4      | Slain by an orc warrior

Illustrated notes

Levels and vault maps discovered:
D:1:      dpeg_arrival_central, layout_basic
D:2:      layout_loops_corners
D:3:      layout_basic, lemuel_crystal_altar, mainiacjoe_overflow_swirl,
          lemuel_zombie_altar_yredelemnul, slow_altar_1,
          ebering_ecumenical_altar_sacrificial, uniq_jessica
D:4:      layout_basic, nicolae_specific_store, chequers_decorated_corner,
          dk_noncrumbling_2, due_unseen_surprise, uniq_blork_the_orc

Skill      XL: |  1  2  3  4  5 |
---------------+----------------+-----
Spellcasting   | 3 4 |  4.0
Throwing       | 1 2 |  2.2
Stealth        | 2 |  2.3
Fighting       | |  0.4
Short Blades   | |  0.2
Dodging        | |  2.6

Action                   |  1- 3 |  4- 6 || total
-------------------------+-------+-------++-------
Melee: Dagger            |     5 |    18 ||    23
Throw: Dart              |    26 |       ||    26
 Cast: Magic Dart        |    20 |    71 ||    91
       Call Imp          |     3 |    25 ||    28
       Apportation       |     1 |       ||     1
       Passwall          |       |     1 ||     1
Invok: Curse Item        |       |     2 ||     2
  Use: Scroll            |     1 |       ||     1
       Potion            |       |     5 ||     5
 Stab: Sleeping          |     1 |     1 ||     2
Armor: Robe              |     3 |    19 ||    22
Dodge: Dodged            |     6 |    41 ||    47
